 Dungeon Crawl Stone Soup version 0.20-a0-492-g6327889 (webtiles) character file.

586473 mopl the Barachian Aeon (level 27, -9/242 (245) HPs)
             Began as a Barachian Transmuter on Jan 12, 2017.
             Was the Champion of Cheibriados.
             Splashed by an acid blob's acid (12 damage)
             ... created by the Royal Jelly
             ... on level 5 of the Pits of Slime on Jan 15, 2017.
             The game lasted 03:44:43 (59757 turns).

mopl the Barachian Aeon (Barachian Transmuter)     Turns: 59757, Time: 03:44:43

HP:   -9/242 (245)  AC: 12    Str: 28      XL:     27
MP:   41/41         EV: 35    Int: 28 (30) God:    Cheibriados [******]
Gold: 7274          SH:  0    Dex: 34 (35) Spells: 6/54 levels left

rFire    + . .     SeeInvis +     - Unarmed
rCold    + + +     Gourm    .   N - +2 robe {rC+ rF+}
rNeg     + + .     Faith    .   (no shield)
rPois    .         Spirit   .   Q - +2 helmet {SInv}
rElec    +         Reflect  .   E - +1 cloak of Grottiness {rN+}
rCorr    .         Harm     .   H - +0 pair of gloves
MR       ++++.                  M - +0 pair of boots
Stlth    +++.......             C - amulet of Vitality {Regen+ HP+15}
Regen    0.9/turn               s - ring "Reism" {rN+ MR+ Dex+6, =R}
                                h - ring "Gahiumu" {rElec rC+ MR+}

@: corroded, very slow
A: swims, molten scales 2, rugged brown scales 1, blurry vision 1, cold
resistance 1, dopey 1, shaggy fur 1, slowness 1, strong legs 2
}: 3/15 runes: decaying, golden, gossamer
a: Hop, Bend Time, Temporal Distortion, Slouch, Step From Time, Renounce
Religion


You were on level 5 of the Pits of Slime.
You worshipped Cheibriados.
Cheibriados was exalted by your worship.
You were not hungry.

You visited 12 branches of the dungeon, and saw 52 of its levels.
You visited the Abyss 1 time.
You also visited: Labyrinth, Bailey, Ice Cave and Wizlab.

You collected 7431 gold pieces.
You spent 157 gold pieces at shops.

Inventory:

Missiles
 a - 1522 arrows
 u - a throwing net
 z - 43 tomahawks (quivered)
Armour
 E - the +1 cloak of Grottiness (worn) {rN+}
   (You found it on level 1 of the Crypt)

   It protects you from negative energy.
 H - a +0 pair of gloves (worn)
 M - a +0 pair of boots (worn)
 N - a +2 robe of resistance (worn)
 Q - a +2 helmet of see invisible (worn)
Jewellery
 h - the ring "Gahiumu" (left hand) {rElec rC+ MR+}
   (You found it on level 3 of the Tomb of the Ancients)

   [ring of protection from magic]

   It protects you from cold.
   It insulates you from electricity.
   It affects your resistance to hostile enchantments.
 s - the ring "Reism" (right hand) {rN+ MR+ Dex+6, =R}
   (You found it on level 3 of the Crypt)

   [ring of positive energy]

   It affects your dexterity (+6).
   It protects you from negative energy.
   It affects your resistance to hostile enchantments.
 w - an uncursed ring of flight
 C - the amulet of Vitality (around neck) {Regen+ HP+15}
   (You found it in a labyrinth)

   [amulet of regeneration]

   It affects your health (+15).
   It increases your rate of regeneration.
Wands
 x - a wand of iceblast (3/15)
 K - a wand of scattershot (9/9)
 R - a wand of acid (5/15)
 Z - a wand of acid (6/15)
Scrolls
 b - 2 scrolls of identify
 k - 6 scrolls of fog
 l - 13 scrolls of teleportation
 v - 6 scrolls of magic mapping
 y - 6 scrolls of vulnerability
 B - 14 scrolls of remove curse
 I - 7 scrolls of blinking
 L - 3 scrolls of immolation {!r}
 T - 4 scrolls of silence {!r}
 W - 3 scrolls of fear
Potions
 e - 4 potions of lignification {!q}
 j - a potion of might
 m - 4 potions of invisibility
 o - 14 potions of curing
 p - 9 potions of ambrosia
 q - 4 potions of agility
 D - 9 potions of flight
 G - 2 potions of cancellation
 P - 10 potions of heal wounds
 S - 5 potions of resistance
Miscellaneous
 g - 2 boxes of beasts
 i - a phial of floods
 n - a figurine of a ziggurat
 t - a fan of gales
 J - a lightning rod (4/4)
 O - a lamp of fire
 V - 5 sacks of spiders
 Y - a phantom mirror
Comestibles
 d - 23 bread rations


   Skills:
 - Level 20.0 Fighting
 + Level 18.6 Dodging
 - Level 20.0 Unarmed Combat
 - Level 14.0 Spellcasting
 - Level 9.0 Conjurations
 - Level 10.0 Charms
 + Level 9.6 Necromancy
 - Level 5.1 Translocations
 - Level 15.0 Transmutations
 - Level 3.0 Ice Magic
 - Level 2.0 Air Magic
 - Level 10.0 Earth Magic
 - Level 2.2 Poison Magic
 + Level 20.2 Invocations


You had 6 spell levels left.
You knew the following spells:

 Your Spells              Type           Power        Failure   Level  Hunger
a - Apportation           Tloc           #####.       1%          1    None
b - Spider Form           Tmut/Pois      ######....   1%          3    None
c - Blade Hands           Tmut           #######...   1%          5    #......
d - Ice Form              Ice/Tmut       ######..     1%          4    None
e - Blink                 Tloc           N/A          1%          2    None
f - Confusing Touch       Hex            ###...       2%          1    None
h - Hydra Form            Tmut           #######...   1%          6    ####...
i - Repel Missiles        Chrm/Air       ######       1%          2    None
j - Irradiate             Conj/Tmut      ######....   1%          5    #......
n - Summon Butterflies    Summ           ###.....     2%          1    None
r - Regeneration          Chrm/Necr      ######....   1%          3    None
w - Sticks to Snakes      Tmut           #######.     0%          2    None
D - Dragon Form           Tmut           #######...   6%          7    ######.
S - Statue Form           Tmut/Erth      ######...    2%          6    ####...


Dungeon Overview and Level Annotations

Branches:
Dungeon (15/15)            Temple (1/1) D:7            Lair (6/6) D:11
  Swamp (4/4) Lair:3       Spider (4/4) Lair:4        Slime (5/5) Lair:5
    Orc (2/2) D:9             Elf (3/3) Orc:2        Vaults (4/5) D:14
  Crypt (3/3) Vaults:3       Tomb (3/3) Crypt:3      Depths (2/5) D:15

Altars:
Ashenzari
Cheibriados
Dithmenos
Elyvilon
Fedhas
Gozag
Hepliaklqana
Kikubaaqudgha
Makhleb
Nemelex Xobeh
Okawaru
Qazlal
Ru
Sif Muna
Trog
Uskayaw
Vehumet
Xom
Yredelemnul
Zin
The Shining One
Beogh
Jiyva

Shops:
Orc:2 !*}(

Portals:
Hell: Depths:1 Depths:2
Abyss: Depths:2
Pandemonium: Orc:2

Annotations:
Slime:5 Royal Jelly
Elf:2 2 runed doors


Innate Abilities, Weirdness & Mutations

You can swim through water.
You cover ground slowly.
You can hop longer distances.
You are mostly covered in molten scales. (AC +3)
You are partially covered in rugged brown scales. (AC +1, +3% HP)
Scrolls take you a little longer to read.
Your flesh is cold resistant. (rC+)
You are dopey. (Int -2)
You are covered in fur. (AC +1)


Message History

As you read the scroll of immolation {!r}, it crumbles to dust.
The creatures around you are filled with an inner flame!
Unknown command.
Your magical effects are unravelling.
You feel magically purged.
You feel less wooden.
The +1 cloak of Grottiness {rN+} unmelds from your body.
Your +2 helmet of see invisible unmelds from your body.
Your +0 pair of gloves unmelds from your body.
Your +0 pair of boots unmelds from your body.
Your +2 robe of resistance unmelds from your body.
You feel perceptive.
You feel resistant to extremes of temperature.
You are no longer corroded.
The acid blob completely misses you. The acid blob misses you.
The acid blob spits acid at you. The splash of acid hits you!
* * * LOW HITPOINT WARNING * * *
The acid corrodes you!
You are splashed with acid!
The acid burns!
You die...

.......................
.......................
.......................
.#.#...#.............
##.####............ #..#
###.......... # #J##
###.........
#(|?##JJ##):?###........
#)|!)%##@#%[}:$# #......
#$!}!##JJ##))?)# .....
##)$#"#G##=#!?## ...
######JG######
..#GJJJJJ..#..
.#...#JJGJ#...#.
######..######
)(#}#.##)#??


You could see the Royal Jelly (inner flame), 7 acid blobs, an azure jelly (inner
flame), 3 great orbs of eyes, a slime creature (inner flame), 4 death oozes and
a golden eye.

Vanquished Creatures
  An ancient lich (WizLab)
  Mara (Spider:3)
  31 greater mummies
  Sojobo (Vaults:4)
  Frederick (Tomb:3)
  Jory (Vaults:4)
  2 profane servitors (Crypt:3)
  Arachne (Spider:2)
  A bone dragon (Swamp:4)
  A shard shrike zombie (Crypt:1)
  5 liches
  5 deep elf blademasters (Elf:3)
  Asterion (Spider:1)
  2 acid blobs
  4 deep elf master archers (Elf:3)
  10 sphinxes
  2 tentacled starspawn (Abyss:3)
  An Executioner (Abyss:3)
  5 thorn hunters
  Frances (Spider:2)
  20 ancient champions
  2 tengu reavers (Vaults:4)
  A storm dragon (Depths:2)
  Donald (Spider:2)
  A shadow dragon (Depths:1)
  3 frost giants
  5 revenants
  2 fire giants
  10 vault wardens
  7 deep elf sorcerers
  3 deep elf elementalists (Elf:3)
  5 ghost moths
  8 ghouls
  2 caustic shrike zombies
  3 curse skulls (Crypt:1)
  A spriggan defender (Depths:2)
  3 emperor scorpions
  8 stone giants
  A reaper (IceCv)
  The ghost of azzavlup the Carver, a journeyman DsAK of Lugonu (Lair:6)
  3 entropy weavers
  3 deep elf demonologists
  8 ironheart preservers
  9 vampire knights
  3 very ugly things (D:15)
  8 bennus
  Azrael (Orc:2)
  A spark wasp (shapeshifter) (Depths:1)
  6 deep elf annihilators
  9 deep elf death magi
  5 spark wasps
  5 ettins
  8 eidola
  31 mummy priests
  10 jiangshi
  A minotaur (Lab)
  8 great orbs of eyes
  10 fire dragons
  12 ogre magi
  3 yaktaur captains
  Josephine (D:13)
  A death ooze (Slime:4)
  2 vault guards (Vaults:2)
  5 ice dragons
  9 rakshasas
  14 hydras
  3 ghost crabs
  A catoblepas (shapeshifter) (Depths:1)
  2 hell beasts (Crypt:2)
  A quicksilver dragon skeleton (Crypt:2)
  A catoblepas (Lair:6)
  29 two-headed ogres
  6 centaur warriors
  6 death knights
  10 alligators
  18 dancing weapons
  54 death scarabs
  3 tengu warriors
  A thrashing horror (Abyss:3)
  6 orc high priests
  Urug (Orc:2)
  A queen ant (D:10)
  11 vampire magi
  11 deep elf knights
  A sun demon (Orc:2)
  2 deep troll earth magi
  10 hell knights
  A titan skeleton (Crypt:2)
  3 spriggans
  A soul eater (Crypt:2)
  A spriggan berserker (Depths:1)
  36 skeletal warriors
  3 deep trolls (Depths:1)
  A sixfirhy (Orc:2)
  2 shadow wraiths
  A spark wasp zombie (WizLab)
  An infernal demonspawn (Orc:2)
  A storm dragon skeleton (Crypt:1)
  3 unseen horrors
  3 shambling mangroves
  A ghost moth zombie (Crypt:3)
  An unseen horror (shapeshifter) (Depths:1)
  22 deep elf archers
  4 swamp dragons
  A swamp dragon (shapeshifter) (Vaults:3)
  3 glowing orange brains
  2 flayed ghosts
  A gelid demonspawn (Orc:2)
  8 ironbrand convokers
  An iron dragon zombie (Tomb:1)
  A shadow dragon zombie (WizLab)
  A harpy (shapeshifter) (Vaults:2)
  3 large abominations (Abyss:3)
  9 harpies (Vaults:2)
  An obsidian statue (D:11)
  A sphinx zombie (D:15)
  6 wizards
  34 wolf spiders
  6 necromancers
  18 orc knights
  3 human zombies
  A mana viper (shapeshifter) (Depths:2)
  15 phantasmal warriors
  A shining eye (Slime:4)
  A frost giant zombie (WizLab)
  13 orb spiders
  11 orc sorcerers
  A wolf spider zombie (Tomb:3)
  An orb spider (shapeshifter) (Elf:1)
  3 manticores
  A salamander (shapeshifter) (D:14)
  A stone giant zombie (WizLab)
  8 cyclopes
  48 ugly things
  47 deep elf magi
  A demonspawn zombie (WizLab)
  3 moths of wrath
  2 guardian serpents (shapeshifter) (Depths:1)
  2 stone giant skeletons (Crypt:2)
  4 black mambas
  A smoke demon (Orc:2)
  A black mamba (shapeshifter) (Vaults:2)
  5 elephants
  6 vault sentinels
  2 fire giant skeletons
  2 torpor snails
  2 ice statues (IceCv)
  35 spiny frogs
  An eye of devastation (Slime:4)
  A gargoyle (D:15)
  A spiny frog (shapeshifter) (Vaults:4)
  Maurice (Orc:2)
  An elf zombie (D:15)
  14 rime drakes
  3 kobold demonologists
  A hellion (Crypt:2)
  6 komodo dragons
  57 yaktaurs
  A yaktaur zombie (WizLab)
  A yaktaur (shapeshifter) (Vaults:3)
  12 freezing wraiths
  9 ice devils
  A catoblepas zombie (Tomb:2)
  A green draconian skeleton (Crypt:2)
  5 swamp worm zombies (Swamp:4)
  4 tengu conjurers
  3 efreet
  19 demonic crawlers
  6 hydra zombies
  69 guardian mummies
  A troll (shapeshifter) (Vaults:3)
  An emperor scorpion zombie (Tomb:2)
  A hellwing (Orc:2)
  2 polar bears
  A meliai (shapeshifter) (Vaults:3)
  A red devil (Crypt:2)
  31 jumping spiders
  22 hornets
  5 trolls
  9 tyrant leeches
  A merfolk (shapeshifter) (Vaults:1)
  Grinder (D:4)
  2 polar bears (shapeshifter)
  13 bog bodies
  44 blink frogs
  3 spectral swamp dragons (Swamp:4)
  A harpy skeleton (D:14)
  A fire dragon zombie (WizLab)
  12 hippogriffs
  A hydra skeleton (Tomb:3)
  An ice dragon zombie (Tomb:2)
  30 slime creatures
  An alligator zombie (Swamp:4)
  An ettin zombie (D:15)
  A satyr zombie (Crypt:2)
  2 stone giant simulacra (Vaults:3)
  34 tarantellas
  Sigmund (D:2)
  16 flying skulls
  5 air elementals
  2 vampires
  91 redbacks
  An alligator skeleton (Crypt:3)
  A fire dragon skeleton (Tomb:1)
  15 water elementals
  52 yaks
  8 shadows
  2 ynoxinuls
  Eustachio (D:4)
  18 ushabtiu
  6 basilisks
  A black mamba skeleton (Crypt:1)
  8 fire elementals
  2 neqoxecs
  22 wraiths
  A human (shapeshifter) (Vaults:2)
  5 golden eyes (Slime:1)
  A human (D:10)
  Grum (Lair:1)
  6 wyverns
  3 hungry ghosts
  4 hogs (D:10)
  7 steam dragons
  37 vampire mosquitoes
  7 wargs
  A monstrous demonspawn zombie (WizLab)
  15 soldier ants
  An ogre zombie (Vaults:1)
  9 insubstantial wisps
  A spiny frog zombie (Crypt:1)
  24 swamp worms
  10 water moccasins
  2 acid dragons
  15 porcupines
  A merfolk skeleton (Tomb:2)
  A water moccasin (shapeshifter) (Vaults:3)
  A hydra simulacrum (Crypt:2)
  3 hell hounds (Orc:2)
  54 orc warriors
  3 black bears
  Duvessa (D:4)
  5 eyes of draining
  11 ice beasts
  7 sky beasts
  A spiny frog skeleton (Crypt:3)
  A two-headed ogre skeleton (Crypt:1)
  8 swamp drakes
  2 necrophages
  4 swamp dragon zombies
  A manticore zombie (Crypt:3)
  8 phantoms
  An alligator simulacrum (Crypt:3)
  A hornet zombie (Crypt:2)
  10 centaurs
  13 wolves
  16 boggarts
  46 ogres
  12 crocodiles
  5 big kobolds
  A hog skeleton (Crypt:3)
  26 bullfrogs
  A glowing shapeshifter simulacrum (Vaults:1)
  An elf skeleton (Crypt:3)
  2 gnoll sergeants
  4 earth elementals
  2 wyvern zombies
  2 scorpions
  Dowan (D:4)
  A queen bee zombie (Crypt:3)
  A wyvern skeleton (D:10)
  2 human simulacra
  4 killer bees
  A raiju skeleton (Crypt:1)
  20 wights
  A howler monkey (D:8)
  10 electric eels
  A wolf skeleton (Crypt:2)
  7 centaur zombies
  7 crimson imps
  2 bullfrog zombies
  2 quasits
  6 hounds
  23 orc wizards
  19 jellies
  29 orc priests
  5 bullfrog skeletons
  5 centaur skeletons
  6 iron imps (Crypt:2)
  A basilisk skeleton (Crypt:3)
  Natasha (thrice) (D:3)
  5 iguanas
  4 spectral swamp drakes (Swamp:4)
  A hell rat (Depths:2)
  25 worker ants
  A killer bee zombie (D:7)
  A demigod skeleton (Crypt:3)
  2 crocodile skeletons (Crypt:3)
  2 hound skeletons (D:9)
  48 mummies
  10 gnolls
  11 adders
  A swamp drake zombie (Swamp:4)
  7 shadow imps
  8 white imps (IceCv)
  6 ufetubi (IceCv)
  3 oozes
  A halfling zombie (Crypt:1)
  2 adder skeletons (D:8)
  A barachian zombie (Crypt:2)
  8 dart slugs
  6 leopard geckos
  94 orcs
  9 giant cockroaches
  16 goblins
  14 hobgoblins
  12 jackals
  7 quokkas
  10 bats
  3 frilled lizards
  A giant cockroach zombie (Crypt:2)
  17 kobolds
  A kobold zombie (Crypt:3)
  An orc zombie (Crypt:3)
  3 quokka skeletons
  7 rats
  2 plants
  A starspawn tentacle (Abyss:3)
  2 withered plants (D:15)
2527 creatures vanquished.

Vanquished Creatures (others)
  Roxanne (Swamp:3)
  A fire giant (Vaults:4)
  4 death scarabs (Tomb:3)
  2 deep elf archers
  A wolf spider (Spider:3)
  A spiny frog (Lair:6)
  A slime creature (Swamp:1)
  2 flying skulls (Tomb:3)
  A centaur simulacrum (D:14)
  A water elemental (Elf:2)
  An insubstantial wisp (Swamp:4)
  An ice dragon simulacrum (Tomb:3)
  A swamp drake (Swamp:4)
  An ogre (Vaults:3)
  A centaur (D:9)
  A wyvern zombie (D:14)
  A jelly (D:12)
  A mummy (Tomb:2)
  3 white imps (IceCv)
  4 ufetubi (IceCv)
  26 fungi
  44 plants (Lair:6)
  4 starspawn tentacles (Abyss:3)
  2 withered plants (D:15)
106 creatures vanquished.

Grand Total: 2633 creatures vanquished

Notes
Turn   | Place    | Note
-------+----------+-------------------------------------------
     0 | D:1      | mopl the Barachian Transmuter began the quest for the Orb.
     0 | D:1      | Reached XP level 1. HP: 15/15 MP: 3/3
   179 | D:1      | Reached XP level 2. HP: 14/21 MP: 3/5
   183 | D:1      | Learned a level 2 spell: Sticks to Snakes
   722 | D:1      | Reached XP level 3. HP: 17/26 MP: 4/6
   727 | D:1      | Learned a level 3 spell: Spider Form
  1395 | D:2      | Noticed Sigmund
  1681 | D:2      | Reached skill level 4 in Unarmed Combat
  1691 | D:2      | Killed Sigmund
  1691 | D:2      | Reached skill level 5 in Unarmed Combat
  1691 | D:2      | Reached skill level 3 in Transmutations
  1691 | D:2      | Reached skill level 2 in Poison Magic
  1691 | D:2      | Reached XP level 4. HP: 30/32 MP: 7/7
  1691 | D:2      | Reached XP level 5. HP: 35/37 MP: 8/8
  1699 | D:1      | Reached XP level 6. HP: 24/43 MP: 5/9
  2471 | D:3      | Found an ancient bone altar of Kikubaaqudgha.
  2646 | D:3      | Noticed Natasha
  2651 | D:3      | Killed Natasha
  3457 | D:3      | Noticed Natasha
  3476 | D:3      | Killed Natasha
  3476 | D:3      | Reached skill level 4 in Transmutations
  3823 | D:3      | Noticed Natasha
  3828 | D:3      | Killed Natasha
  3980 | D:4      | Noticed Duvessa
  3980 | D:4      | Noticed Dowan
  4011 | D:4      | Killed Dowan
  4011 | D:4      | Reached XP level 7. HP: 32/48 MP: 7/11
  4157 | D:4      | Killed Duvessa
  4157 | D:4      | Reached skill level 6 in Unarmed Combat
  4560 | D:4      | Reached skill level 3 in Spellcasting
  4577 | D:4      | Learned a level 4 spell: Ice Form
  4745 | D:4      | Noticed Grinder
  4765 | D:4      | Killed Grinder
  4765 | D:4      | Reached skill level 1 in Ice Magic
  5092 | D:4      | You fall through a shaft!
  5092 | D:5      | Entered Level 5 of the Dungeon
  5237 | D:4      | Reached XP level 8. HP: 56/56 MP: 8/12
  5329 | D:4      | Noticed Eustachio
  5343 | D:4      | Killed Eustachio
  5343 | D:4      | Reached skill level 2 in Fighting
  5343 | D:4      | Reached skill level 7 in Unarmed Combat
  5501 | D:5      | Found a shimmering altar of Xom.
  5807 | D:5      | You fall through a shaft!
  5841 | D:6      | Reached skill level 2 in Ice Magic
  5919 | D:6      | Reached skill level 5 in Transmutations
  5935 | D:6      | Found a white marble altar of Elyvilon.
  5947 | D:6      | Reached skill level 3 in Dodging
  6089 | D:6      | Reached skill level 3 in Fighting
  6395 | D:5      | Reached skill level 3 in Ice Magic
  6661 | D:5      | Reached skill level 8 in Unarmed Combat
  6661 | D:5      | Reached XP level 9. HP: 56/64 MP: 13/13
  7089 | D:6      | Reached skill level 4 in Fighting
  7523 | D:6      | Reached skill level 4 in Dodging
  8190 | D:7      | Reached skill level 6 in Transmutations
  8318 | D:7      | Found a sacrificial altar of Ru.
  8361 | D:7      | Found a stormy altar of Qazlal.
  8361 | D:7      | Found a staircase to the Ecumenical Temple.
  8422 | D:7      | Reached skill level 4 in Spellcasting
  8428 | Temple   | Entered the Ecumenical Temple
  8480 | Temple   | Became a worshipper of Cheibriados the Contemplative
  8630 | D:7      | Reached skill level 5 in Fighting
  8655 | D:7      | Found a sparkling altar of Nemelex Xobeh.
  9102 | D:7      | Found a blossoming altar of Fedhas.
  9227 | D:8      | Reached skill level 9 in Unarmed Combat
  9681 | D:8      | Reached skill level 1 in Invocations
  9681 | D:8      | Reached XP level 10. HP: 74/74 MP: 7/16
  9683 | D:8      | Reached * piety under Cheibriados
  9709 | D:8      | Found a bloodstained altar of Trog.
 10753 | D:9      | Noticed a tengu warrior
 11127 | D:8      | Reached skill level 5 in Dodging
 11166 | D:9      | HP: 3/76 [tengu warrior/enchanted broad axe (3)]
 11523 | D:8      | HP: 3/76 [tengu warrior/enchanted broad axe (5)]
 11524 | D:8      | Killed a tengu warrior
 11524 | D:8      | Reached skill level 6 in Fighting
 11524 | D:8      | Reached skill level 2 in Invocations
 11874 | D:9      | Found a shattered altar of Ashenzari.
 11896 | D:9      | Found a hazy altar of Hepliaklqana.
 11954 | D:9      | Found a shadowy altar of Dithmenos.
 11975 | D:9      | Reached skill level 10 in Unarmed Combat
 11975 | D:9      | Reached skill level 7 in Transmutations
 12062 | D:9      | Reached skill level 3 in Invocations
 12216 | D:9      | Found a staircase to the Orcish Mines.
 12607 | D:9      | Learned a level 5 spell: Blade Hands
 12691 | D:9      | Reached ** piety under Cheibriados
 12795 | D:10     | Entered Level 10 of the Dungeon
 12795 | D:10     | Noticed a two-headed ogre
 12805 | D:10     | Killed a two-headed ogre
 12838 | D:10     | Noticed a two-headed ogre
 12851 | D:10     | Killed a two-headed ogre
 12851 | D:10     | Reached skill level 7 in Fighting
 12851 | D:10     | Reached skill level 6 in Dodging
 12851 | D:10     | Reached skill level 4 in Invocations
 12851 | D:10     | Reached XP level 11. HP: 44/84 MP: 12/17
 12910 | D:10     | Found a flagged portal.
 12948 | Bailey   | Entered a bailey
 13636 | Bailey   | Noticed a sun demon
 13636 | Bailey   | Noticed an orc high priest
 13637 | Bailey   | Noticed a soul eater
 13925 | Bailey   | Noticed a sun demon
 14478 | Bailey   | Got a faintly glowing shield
 14484 | Bailey   | Identified the +0 shield of Inference {rElec rC+ Dex-3} (You acquired it in a bailey)
 14804 | Bailey   | Noticed a soul eater
 14807 | Bailey   | Killed an orc high priest
 14808 | Bailey   | Reached skill level 11 in Unarmed Combat
 14809 | Bailey   | Reached *** piety under Cheibriados
 14845 | Bailey   | Gained mutation: Your flesh is cold resistant. (rC+) [potion of mutation]
 14845 | Bailey   | Gained mutation: You are partially covered in molten scales. (AC +2) [potion of mutation]
 14845 | Bailey   | Gained mutation: You are covered in fur. (AC +1) [potion of mutation]
 14907 | Bailey   | Reached skill level 5 in Invocations
 15238 | Bailey   | Found an iron altar of Okawaru.
 15676 | D:10     | Reached **** piety under Cheibriados
 15700 | D:10     | Reached skill level 8 in Transmutations
 15840 | D:10     | Noticed a queen ant
 15859 | D:10     | Killed a queen ant
 16258 | D:10     | Reached skill level 7 in Dodging
 16309 | D:10     | Reached skill level 8 in Fighting
 16420 | D:10     | Reached skill level 6 in Invocations
 16461 | D:10     | Reached ***** piety under Cheibriados
 16461 | D:10     | Reached XP level 12. HP: 70/93 MP: 10/18
 16740 | D:10     | Noticed a two-headed ogre
 16759 | D:10     | Killed a two-headed ogre
 17247 | D:10     | Reached skill level 12 in Unarmed Combat
 18033 | D:11     | Found a staircase to the Lair.
 18065 | D:11     | Reached skill level 7 in Invocations
 18134 | D:11     | Found a runed door.
 18193 | D:11     | Found a runed door.
 18208 | D:11     | Found a runed door.
 18219 | D:11     | Found a runed door.
 18278 | D:11     | Reached skill level 9 in Transmutations
 18541 | Lair:1   | Entered Level 1 of the Lair of Beasts
 18573 | Lair:1   | Noticed Grum
 18591 | Lair:1   | Killed Grum
 18894 | Lair:1   | Reached skill level 8 in Dodging
 18910 | Lair:1   | Reached skill level 9 in Fighting
 19523 | Lair:2   | Noticed a six-headed hydra
 19577 | Lair:2   | Found a labyrinth entrance.
 19588 | Lab      | Entered a labyrinth
 19592 | Lab      | Learned a level 2 spell: Blink
 19595 | Lab      | Learned a level 2 spell: Repel Missiles
 19899 | Lab      | Noticed a minotaur
 19911 | Lab      | Killed a minotaur
 20020 | Lair:2   | Killed a six-headed hydra
 20020 | Lair:2   | Reached skill level 13 in Unarmed Combat
 20020 | Lair:2   | Gained mutation: You can hop longer distances. [Barachian growth]
 20020 | Lair:2   | Reached XP level 13. HP: 101/101 MP: 14/19
 20144 | Lair:2   | Reached skill level 8 in Invocations
 20542 | Lair:2   | Reached ****** piety under Cheibriados
 20705 | Lair:3   | Found a staircase to the Swamp.
 20858 | Lair:3   | Got a smoking dagger
 20859 | Lair:3   | Identified the +9 dagger "Cunoenk" {pierce, Int+2} (You found it on level 3 of the Lair of Beasts)
 21566 | Lair:4   | Reached skill level 9 in Dodging
 21621 | Lair:4   | Reached skill level 10 in Fighting
 21695 | Lair:4   | Found a hole to the Spider Nest.
 21701 | Lair:4   | Reached skill level 1 in Air Magic
 21793 | Lair:4   | Reached skill level 1 in Charms
 21853 | Lair:4   | Reached skill level 1 in Translocations
 21858 | Lair:4   | Reached skill level 9 in Invocations
 22227 | Lair:5   | Learned a level 1 spell: Apportation
 22229 | Lair:5   | Learned a level 1 spell: Summon Butterflies
 22300 | Lair:5   | Reached skill level 2 in Air Magic
 22320 | Lair:5   | Found a staircase to the Slime Pits.
 22457 | Lair:5   | Reached skill level 2 in Translocations
 22615 | Lair:5   | Reached skill level 14 in Unarmed Combat
 22789 | Lair:6   | Entered Level 6 of the Lair of Beasts
 22791 | Lair:6   | Reached skill level 2 in Charms
 22795 | Lair:6   | Reached XP level 14. HP: 111/111 MP: 10/20
 22798 | Lair:6   | Reached skill level 3 in Translocations
 22930 | Lair:6   | Found a glowing silver altar of Zin.
 23119 | Lair:6   | Reached skill level 3 in Charms
 23291 | Lair:6   | Reached skill level 10 in Dodging
 23292 | Lair:6   | Reached skill level 11 in Fighting
 23293 | Lair:6   | Reached skill level 10 in Invocations
 23317 | Lair:6   | Reached skill level 4 in Translocations
 23443 | Lair:6   | Reached skill level 4 in Charms
 23544 | Lair:6   | Noticed azzavlup's ghost (journeyman DsAK)
 23553 | Lair:6   | Killed azzavlup's ghost
 23686 | Lair:6   | Reached skill level 15 in Unarmed Combat
 23686 | Lair:6   | Reached XP level 15. HP: 64/119 MP: 18/22
 24540 | D:12     | Reached skill level 5 in Translocations
 24742 | D:12     | Found a sparkling altar of Nemelex Xobeh.
 25258 | Orc:1    | Entered Level 1 of the Orcish Mines
 25398 | Orc:1    | Found a roughly hewn altar of Beogh.
 25479 | Orc:2    | Entered Level 2 of the Orcish Mines
 25479 | Orc:2    | Noticed Maurice
 25501 | Orc:1    | Reached skill level 11 in Invocations
 25600 | Orc:2    | Killed Maurice
 25678 | Orc:2    | Noticed Urug
 25699 | Orc:2    | Killed Urug
 25797 | Orc:2    | Noticed Azrael
 25806 | Orc:2    | Killed Azrael
 25990 | Orc:2    | Found a staircase to the Elven Halls.
 26042 | Orc:2    | Reached skill level 12 in Fighting
 26052 | Orc:2    | Found Wol Itos's Distillery.
 26054 | Orc:2    | Reached skill level 11 in Dodging
 26080 | Orc:2    | Found Ikles's General Store.
 26259 | Orc:2    | Bought a potion of lignification for 45 gold pieces
 26259 | Orc:2    | Bought a scroll of enchant armour for 112 gold pieces
 26779 | Orc:2    | Paralysed by an orc sorcerer for 4 turns
 26826 | Orc:2    | Found Seolaugess's Antique Weapon Emporium.
 26826 | Orc:2    | Found a one-way gate leading to the halls of Pandemonium.
 26826 | Orc:2    | Found Vehiaguh's Gadget Shoppe.
 27517 | D:13     | Reached skill level 16 in Unarmed Combat
 27585 | D:13     | Reached XP level 16. HP: 97/129 MP: 20/24
 27597 | D:13     | Noticed Josephine
 27612 | D:13     | Killed Josephine
 27703 | D:13     | Found a glowing silver altar of Zin.
 27703 | D:13     | Found a hide-covered altar of Uskayaw.
 28125 | D:14     | Found an opulent altar of Gozag.
 28239 | D:14     | Found a frozen archway.
 28275 | IceCv    | Entered an ice cave
 28929 | D:14     | Reached skill level 12 in Invocations
 28951 | D:14     | Reached skill level 13 in Fighting
 29054 | D:14     | Found a gate to the Vaults.
 29176 | D:14     | Noticed a sphinx
 29268 | D:14     | Killed a sphinx
 29877 | D:14     | Reached skill level 12 in Dodging
 29898 | D:14     | Got an agate-encrusted scale mail
 29977 | D:14     | Identified the cursed +1 scale mail "Bapriese" {rF- rCorr Str+4} (You found it on level 14 of the Dungeon)
 30034 | D:15     | Entered Level 15 of the Dungeon
 30421 | D:15     | Found a staircase to the Depths.
 31109 | D:11     | Reached skill level 17 in Unarmed Combat
 31328 | Swamp:1  | Entered Level 1 of the Swamp
 31443 | Swamp:1  | Reached XP level 17. HP: 137/137 MP: 18/26
 31572 | Swamp:1  | Reached skill level 5 in Spellcasting
 31579 | Swamp:1  | Learned a level 5 spell: Irradiate
 31836 | Swamp:1  | Reached skill level 1 in Conjurations
 32645 | Swamp:3  | Reached skill level 2 in Conjurations
 32645 | Swamp:3  | Reached skill level 10 in Transmutations
 32854 | Swamp:3  | Noticed Roxanne
 32861 | Swamp:3  | Killed Roxanne
 33162 | Swamp:3  | Reached skill level 6 in Spellcasting
 33164 | Swamp:3  | Reached skill level 3 in Conjurations
 33310 | Swamp:4  | Entered Level 4 of the Swamp
 33366 | Swamp:4  | Reached skill level 14 in Fighting
 34041 | Lair:3   | Reached skill level 11 in Transmutations
 34079 | D:11     | Learned a level 3 spell: Regeneration
 34092 | Lair:1   | Upgraded the game from 0.20-a0-465-g6513c8f to 0.20-a0-470-gbb038bd
 34166 | Spider:1 | Entered Level 1 of the Spider Nest
 34199 | Spider:1 | Reached skill level 4 in Conjurations
 34369 | Spider:1 | Noticed Asterion
 34439 | Spider:1 | Reached XP level 18. HP: 109/146 MP: 16/27
 34777 | Spider:1 | HP: 5/162 [Executioner[Asterion] (14)]
 34946 | Spider:1 | HP: 8/162 [Asterion/demon trident of draining (16)]
 34947 | Spider:1 | Killed Asterion
 35417 | Depths:1 | Entered Level 1 of the Depths
 35477 | D:15     | Reached skill level 7 in Spellcasting
 35477 | D:15     | Reached skill level 5 in Conjurations
 35832 | Lair:1   | Learned a level 1 spell: Confusing Touch
 36061 | Spider:2 | Noticed Donald
 36075 | Spider:2 | Killed Donald
 36078 | Spider:2 | Reached skill level 12 in Transmutations
 36281 | Spider:2 | Noticed Frances
 36374 | Spider:2 | Killed Frances
 36481 | Spider:2 | Noticed Arachne
 36492 | Spider:2 | Killed Arachne
 36492 | Spider:2 | Reached skill level 18 in Unarmed Combat
 36492 | Spider:2 | Reached skill level 6 in Conjurations
 36538 | Spider:2 | You fall through a shaft!
 36999 | Spider:3 | Noticed Mara
 37027 | Spider:3 | Noticed mopl's illusion
 37030 | Spider:3 | Killed Mara
 37030 | Spider:3 | Reached skill level 15 in Fighting
 37030 | Spider:3 | Reached skill level 8 in Spellcasting
 37220 | Spider:3 | Reached XP level 19. HP: 155/155 MP: 0/31
 37636 | Spider:4 | Entered Level 4 of the Spider Nest
 37724 | Spider:4 | Reached skill level 13 in Transmutations
 38064 | Spider:4 | Reached skill level 7 in Conjurations
 38655 | Spider:4 | Got an encrusted great mace {elec}
 38785 | Spider:4 | Identified the +9 great mace of the Traitor {elec, MR- Int+6} (You took it off an entropy weaver on level 4 of the Spider Nest)
 38839 | Spider:4 | Learned a level 6 spell: Hydra Form
 38919 | Spider:4 | Got a gossamer rune of Zot
 39327 | Elf:1    | Entered Level 1 of the Elven Halls
 39547 | Elf:1    | Reached skill level 9 in Spellcasting
 39764 | Elf:1    | Reached skill level 8 in Conjurations
 39764 | Elf:1    | Reached skill level 14 in Transmutations
 40382 | Elf:2    | Found a magical portal.
 40413 | WizLab   | Entered Doroklohe's Tomb
 40499 | WizLab   | Noticed an ancient lich
 40510 | WizLab   | Killed an ancient lich
 40510 | WizLab   | Reached XP level 20. HP: 111/164 MP: 18/33
 40886 | Elf:2    | Gained mutation: You are mostly covered in molten scales. (AC +3) [potion of beneficial mutation]
 40970 | Elf:2    | Reached skill level 16 in Fighting
 41070 | Elf:2    | Found a runed door.
 41095 | Elf:2    | Found a runed door.
 41362 | Elf:3    | Entered Level 3 of the Elven Halls
 41395 | Elf:3    | Reached skill level 9 in Conjurations
 41515 | Elf:3    | Reached skill level 15 in Transmutations
 42340 | Elf:3    | Reached skill level 13 in Invocations
 42466 | Elf:3    | Reached skill level 19 in Unarmed Combat
 42723 | Elf:3    | Reached XP level 21. HP: 168/172 MP: 34/34
 42790 | Elf:3    | Got a faintly glowing pewter amulet
 42797 | Elf:3    | Identified the amulet "Nuhiesu" {Harm *Corrode *Drain rElec rN+ MP+9} (You found it on level 3 of the Elven Halls)
 42807 | Elf:3    | Got a bound lead ring
 42808 | Elf:3    | Identified the ring of Soigal {AC+3 Str+5 Int-3} (You found it on level 3 of the Elven Halls)
 42857 | Elf:3    | Got a crude ring mail
 42868 | Elf:3    | Identified the +5 ring mail of Prudence {Stlth+} (You found it on level 3 of the Elven Halls)
 42891 | Elf:3    | Got a warped battleaxe
 42892 | Elf:3    | Identified the cursed +0 battleaxe of Slow Death {drain, MR+} (You found it on level 3 of the Elven Halls)
 42897 | Elf:3    | Got an ichor-stained longbow
 42898 | Elf:3    | Identified the cursed +1 longbow "Cimulise" {velocity, rN+} (You found it on level 3 of the Elven Halls)
 43006 | Elf:3    | Identified the Incunabulum of Beguiling and the Snowflakes
 43035 | Elf:3    | Got a crystal arbalest
 43036 | Elf:3    | Identified the cursed +2 arbalest of the Enemy {flame, MR+ Int+2} (You found it on level 3 of the Elven Halls)
 43520 | Vaults:1 | Entered Level 1 of the Vaults
 43697 | Vaults:1 | Reached skill level 10 in Spellcasting
 44090 | Vaults:1 | Reached skill level 13 in Dodging
 44211 | Vaults:1 | Reached skill level 17 in Fighting
 45109 | Vaults:2 | Reached skill level 14 in Invocations
 46017 | Lair:1   | Learned a level 6 spell: Statue Form
 46457 | Vaults:3 | Reached skill level 1 in Earth Magic
 46463 | Vaults:3 | Reached XP level 22. HP: 131/182 MP: 32/36
 46465 | Vaults:3 | Reached skill level 11 in Spellcasting
 46600 | Vaults:3 | Reached skill level 2 in Earth Magic
 47148 | Vaults:3 | Reached skill level 3 in Earth Magic
 47195 | Vaults:3 | Found a staircase to the Crypt.
 47402 | Vaults:3 | Upgraded the game from 0.20-a0-470-gbb038bd to 0.20-a0-472-g5c05303
 47644 | Vaults:4 | Reached skill level 15 in Invocations
 47728 | Vaults:4 | Noticed Jory
 47738 | Vaults:4 | Killed Jory
 47738 | Vaults:4 | Reached skill level 14 in Dodging
 48154 | Vaults:4 | Noticed Sojobo
 48172 | Vaults:4 | Killed Sojobo
 48223 | Vaults:4 | Reached skill level 4 in Earth Magic
 48398 | Vaults:4 | Reached skill level 18 in Fighting
 49112 | Depths:1 | Reached skill level 20 in Unarmed Combat
 49223 | Depths:1 | Reached XP level 23. HP: 190/190 MP: 38/38
 49386 | Depths:1 | Reached skill level 5 in Earth Magic
 49745 | Depths:1 | Reached skill level 12 in Spellcasting
 49802 | Depths:1 | Found a gateway to Hell.
 50074 | Depths:2 | Found a one-way gate to the infinite horrors of the Abyss.
 50774 | Depths:2 | Got a faintly glowing amethyst amulet
 50776 | Depths:2 | Identified the amulet "Miclaehia" {Gourm rF+ rN+ Int-2 Dex+3} (You took it off a hell knight on level 2 of the Depths)
 51347 | D:15     | Reached skill level 6 in Earth Magic
 51548 | Crypt:1  | Entered Level 1 of the Crypt
 51820 | Crypt:1  | Reached skill level 16 in Invocations
 51924 | Crypt:1  | Reached skill level 15 in Dodging
 52338 | Crypt:1  | Reached skill level 19 in Fighting
 52379 | Crypt:1  | Reached skill level 7 in Earth Magic
 52401 | Crypt:1  | Reached XP level 24. HP: 201/201 MP: 39/39
 52437 | Crypt:1  | Found an ancient bone altar of Kikubaaqudgha.
 52445 | Crypt:1  | Got a transparent cloak
 52483 | Crypt:1  | Identified the +1 cloak of Grottiness {rN+} (You found it on level 1 of the Crypt)
 52780 | Crypt:2  | Found a burning altar of Makhleb.
 53034 | Crypt:2  | Reached skill level 13 in Spellcasting
 53362 | Crypt:2  | Upgraded the game from 0.20-a0-472-g5c05303 to 0.20-a0-492-g6327889
 53418 | Crypt:3  | Entered Level 3 of the Crypt
 53426 | Crypt:3  | Reached skill level 8 in Earth Magic
 53498 | Crypt:3  | Cast into level 3 of the Abyss (a lich)
 53498 | Abyss:3  | Found a corrupted altar of Lugonu.
 53632 | Crypt:3  | Escaped the Abyss
 53634 | Crypt:3  | Reached skill level 17 in Invocations
 53990 | Crypt:3  | Found an ancient bone altar of Kikubaaqudgha.
 54058 | Crypt:3  | Found a basalt altar of Yredelemnul.
 54095 | Crypt:3  | Got a crude pewter ring
 54098 | Crypt:3  | Identified the ring "Raec" {rN+ MP+9} (You found it on level 3 of the Crypt)
 54104 | Crypt:3  | Got a glittering bone ring
 54105 | Crypt:3  | Identified the ring "Reism" {rN+ MR+ Dex+6} (You found it on level 3 of the Crypt)
 54159 | Crypt:3  | Got a steaming bronze amulet
 54160 | Crypt:3  | Identified the amulet "Gapeubri" {RegenMP Dex+2} (You found it on level 3 of the Crypt)
 54163 | Crypt:3  | Got a bound tin amulet
 54164 | Crypt:3  | Identified the amulet "Fickol" {Faith Int+4} (You found it on level 3 of the Crypt)
 54347 | Crypt:3  | Reached skill level 9 in Earth Magic
 54361 | Crypt:3  | Found a staircase to the Tomb.
 54685 | Tomb:1   | Entered Level 1 of the Tomb of the Ancients
 54863 | Tomb:1   | Reached skill level 16 in Dodging
 54869 | Tomb:1   | Reached XP level 25. HP: 210/210 MP: 37/40
 54877 | Tomb:1   | Paralysed by a sphinx for 3 turns
 55163 | Tomb:1   | Reached skill level 20 in Fighting
 55223 | Tomb:1   | Noticed a greater mummy
 55232 | Tomb:1   | Killed a greater mummy
 55247 | Tomb:1   | HP: 5/292 [reaper/scythe of venom[a mummy priest's death curse] (26)]
 55476 | Tomb:2   | Noticed a greater mummy
 55476 | Tomb:2   | Noticed a greater mummy
 55477 | Tomb:2   | Noticed a greater mummy
 55479 | Tomb:2   | Noticed a greater mummy
 55572 | Tomb:1   | Killed a greater mummy
 55573 | Tomb:1   | Reached skill level 14 in Spellcasting
 55642 | Tomb:1   | Killed a greater mummy
 55642 | Tomb:1   | Reached skill level 5 in Charms
 55642 | Tomb:1   | Reached skill level 1 in Necromancy
 55644 | Tomb:1   | Killed a greater mummy
 55648 | Tomb:1   | Killed a greater mummy
 55828 | Tomb:2   | Reached skill level 2 in Necromancy
 55833 | Tomb:2   | Reached skill level 10 in Earth Magic
 55912 | Tomb:2   | Reached skill level 18 in Invocations
 56148 | Tomb:1   | Noticed a greater mummy
 56149 | Tomb:1   | Noticed a greater mummy
 56151 | Tomb:1   | Noticed a greater mummy
 56155 | Tomb:1   | Killed a greater mummy
 56155 | Tomb:1   | Reached skill level 6 in Charms
 56155 | Tomb:1   | Reached skill level 3 in Necromancy
 56162 | Tomb:1   | Killed a greater mummy
 56170 | Tomb:1   | Killed a greater mummy
 56217 | Tomb:1   | Noticed a greater mummy
 56226 | Tomb:1   | Killed a greater mummy
 56226 | Tomb:1   | Reached skill level 4 in Necromancy
 56231 | Tomb:1   | Noticed a greater mummy
 56235 | Tomb:1   | Killed a greater mummy
 56280 | Tomb:1   | Noticed a greater mummy
 56283 | Tomb:1   | Noticed a greater mummy
 56283 | Tomb:1   | Noticed a greater mummy
 56287 | Tomb:1   | Killed a greater mummy
 56287 | Tomb:1   | Reached skill level 7 in Charms
 56291 | Tomb:1   | Killed a greater mummy
 56291 | Tomb:1   | Reached XP level 26. HP: 199/217 MP: 35/41
 56295 | Tomb:1   | Killed a greater mummy
 56295 | Tomb:1   | Reached skill level 17 in Dodging
 56343 | Tomb:1   | Noticed a greater mummy
 56359 | Tomb:1   | Killed a greater mummy
 56359 | Tomb:1   | Reached skill level 5 in Necromancy
 56417 | Tomb:1   | Noticed a greater mummy
 56419 | Tomb:1   | Noticed a greater mummy
 56419 | Tomb:1   | Noticed a greater mummy
 56421 | Tomb:1   | Killed a greater mummy
 56423 | Tomb:1   | Noticed a greater mummy
 56425 | Tomb:1   | Noticed a greater mummy
 56425 | Tomb:1   | Noticed a greater mummy
 56425 | Tomb:1   | Noticed a greater mummy
 56425 | Tomb:1   | Noticed a greater mummy
 56432 | Tomb:1   | Killed a greater mummy
 56568 | Tomb:1   | Killed a greater mummy
 56574 | Tomb:1   | Killed a greater mummy
 56574 | Tomb:1   | Reached skill level 8 in Charms
 56580 | Tomb:1   | Killed a greater mummy
 56713 | Tomb:1   | Killed a greater mummy
 56933 | Tomb:1   | Killed a greater mummy
 56933 | Tomb:1   | Reached skill level 6 in Necromancy
 56937 | Tomb:1   | Killed a greater mummy
 57139 | Tomb:3   | Entered Level 3 of the Tomb of the Ancients
 57145 | Tomb:3   | Reached skill level 9 in Charms
 57146 | Tomb:3   | Reached skill level 19 in Invocations
 57155 | Tomb:3   | Noticed a greater mummy
 57156 | Tomb:3   | Noticed a greater mummy
 57200 | Tomb:2   | Killed a greater mummy
 57200 | Tomb:2   | Reached skill level 7 in Necromancy
 57241 | Tomb:2   | Killed a greater mummy
 57295 | Tomb:3   | Noticed a greater mummy
 57344 | Tomb:3   | Killed a greater mummy
 57412 | Tomb:3   | Noticed a greater mummy
 57426 | Tomb:2   | Killed a greater mummy
 57426 | Tomb:2   | Reached skill level 10 in Charms
 57624 | Tomb:3   | Got a heavily runed bone ring
 57625 | Tomb:3   | Identified the ring "Gahiumu" {rElec rC+ MR+} (You found it on level 3 of the Tomb of the Ancients)
 57717 | Tomb:3   | Got a bloodstained battleaxe
 57718 | Tomb:3   | Identified the +10 battleaxe of Integrity {chop, rN+ Str+2} (You found it on level 3 of the Tomb of the Ancients)
 57756 | Tomb:3   | Noticed a greater mummy
 57759 | Tomb:3   | Noticed Frederick
 57766 | Tomb:3   | Reached skill level 18 in Dodging
 57766 | Tomb:3   | Reached skill level 8 in Necromancy
 57768 | Tomb:3   | Killed a greater mummy
 57768 | Tomb:3   | Reached XP level 27. HP: 223/223 MP: 37/41
 57774 | Tomb:3   | Killed Frederick
 57859 | Tomb:3   | Got a smoking marble ring
 57860 | Tomb:3   | Identified the ring "Tikut" {Fire Dex+4} (You found it on level 3 of the Tomb of the Ancients)
 57866 | Tomb:3   | Got a transparent whip
 57867 | Tomb:3   | Identified the cursed +1 whip "Asyps" {drain, +Rage} (You found it on level 3 of the Tomb of the Ancients)
 57882 | Tomb:3   | Got a sparkling lead ring
 57883 | Tomb:3   | Identified the ring of the King {rPois rN+ MP+9 Dex+3} (You found it on level 3 of the Tomb of the Ancients)
 57887 | Tomb:3   | Identified the Reference Book on the Snowflakes
 57901 | Tomb:3   | Got a shimmering glaive
 57902 | Tomb:3   | Identified the +5 glaive "Xawenuha" {chop, rPois} (You found it on level 3 of the Tomb of the Ancients)
 57915 | Tomb:3   | Learned a level 7 spell: Dragon Form
 57918 | Tomb:3   | Got a glittering bronze amulet
 57919 | Tomb:3   | Identified the amulet of a Thousand Queens {+Rage rN+ Str+3} (You found it on level 3 of the Tomb of the Ancients)
 57973 | Tomb:3   | Noticed a greater mummy
 57983 | Tomb:3   | Killed a greater mummy
 57986 | Tomb:3   | Noticed a greater mummy
 57991 | Tomb:3   | Noticed a greater mummy
 57995 | Tomb:3   | Killed a greater mummy
 58001 | Tomb:3   | Noticed a greater mummy
 58001 | Tomb:3   | Killed a greater mummy
 58011 | Tomb:3   | Killed a greater mummy
 58011 | Tomb:3   | Reached skill level 9 in Necromancy
 58123 | Tomb:3   | Got a golden rune of Zot
 58263 | Tomb:2   | Reached skill level 20 in Invocations
 59097 | Swamp:4  | Got a decaying rune of Zot
 59349 | Slime:1  | Entered Level 1 of the Pits of Slime
 59385 | Slime:4  | Gained mutation: You are partially covered in rugged brown scales. (AC +1, +3% HP) [a shining eye]
 59388 | Slime:4  | Gained mutation: You are dopey. (Int -2) [a shining eye]
 59389 | Slime:4  | Gained mutation: Scrolls take you a little longer to read. [a shining eye]
 59698 | Slime:5  | Entered Level 5 of the Pits of Slime
 59747 | Slime:5  | Found a viscous altar of Jiyva.
 59747 | Slime:5  | Noticed the Royal Jelly
 59757 | Slime:5  | HP: 3/242 [acid blob/splash of acid[the Royal Jelly] (11)]
 59757 | Slime:5  | Splashed by an acid blob's acid

Vault maps used:
D:1:      dpeg_arrival_simpleton_a
D:2:      minivault_23, uniq_sigmund
D:3:      lemuel_statue_altar, uniq_natasha
D:4:      kennysheep_the_goblin_king, corexii_checkpoint_b, uniq_eustachio,
          uniq_duvessa, uniq_grinder
D:5:      kennysheep_mini, first_bread, kennysheep_opposing_triangles
D:6:      elyvilon_altar_3
D:7:      lemuel_round_altar, marbit_many_paths, lemuel_round_altar, basic_altar
D:8:      trog_book
D:9:      nicolae_dithmenos_shadow_blocks, ashenzari_conservatory_becter,
          kennysheep_mini_moat, orc_0_dummy
D:10:     enter_bailey_2, grunt_livestock, minmay_another_anthill
D:11:     david_lair_generic, fungi_pond_lemuel, minmay_statue_crystal_thing
D:12:     spider_trap, hangedman_glass_teeth, nemelex_altar_shiori
D:13:     jmf_multi_god_temple, uniq_josephine
D:14:     minmay_tile_spiral, david_vaults_1, infiniplex_staircase_zigzag_1,
          portal_ice_cave_entry_ice_beasts, grunt_gozag_breadcrumbs
D:15:     gammafunk_depths_entry_grave, interstate_on_off, minmay_librarian
Temple:   dshaligram_water_room_temple
Lair:1:   st_stairs_13, uniq_grum
Lair:2:   lab_entry_generic
Lair:3:   nicolae_swamp_entry_splash_gauntlet, serial_bayou_ford_a
Lair:4:   spider_nest_entry_a, grunt_forest_small_clearings,
          kennysheep_catoblepas_arena
Lair:5:   minmay_slime_entry_jelly_boxes
Lair:6:   minmay_lair_end_frog_pond, basic_altar, bobbens_dragon_lair_wall
Swamp:1:  hangedman_swamp_pad, swamp_pool4, infiniplex_staircase_pool_2
Swamp:2:  nicolae_swamp_fairy_circle
Swamp:3:  serial_swamp_ruin, evilmike_swamp_ruin_house_2,
          evilmike_swamp_ruin_house_6, swamp_pool3, uniq_roxanne
Swamp:4:  swamp_pestilence
Spider:1: spider_trap, uniq_asterion
Spider:2: nicolae_crawler_farm, uniq_donald, uniq_frances, uniq_arachne
Spider:3: uniq_mara
Spider:4: grunt_spider_rune_parallel, spider_trap
Slime:1:  nicolae_slime_pool
Slime:4:  nicolae_slime_barrier
Orc:1:    basic_altar
Orc:2:    pf_orc_diabolical, sword_in_stone, uniq_maurice, uniq_azrael
Elf:1:    minmay_elf_arrival_circle, minivault_28, spider_trap
Elf:2:    mu_enter_wizlab_1
Elf:3:    minmay_elf_hall, serial_corexii_hall, corexii_hall_statues_u,
          corexii_hall_statues_s
Vaults:1: v_misc_33, nicolae_vaults_big_angled_halls,
          nicolae_vaults_network_star, hangedman_vaults_stretched_pinwheel,
          vaults_room_fancy_cross, nicolae_vaults_specimen_jars,
          dpeg_vaults_waves, hangedman_vaults_variations,
          grunt_vaults_hallway_long, ontoclasm_vaults_gateway
Vaults:2: vaults_mumra_minichess, v_misc_3, ontoclasm_vaults_bender, v_misc_29,
          vaults_room_fours, hangedman_vaults_snaps, grunt_vaults_hallway_short,
          grunt_vaults_trifunnel, vaults_room_large_hall
Vaults:3: nicolae_vaults_theta, nicolae_vaults_big_ls,
          nicolae_vaults_what_the_h, vaults_dpeg_spiral,
          nicolae_vaults_circle_grid_b, minmay_crypt_entry_simple_plaza,
          ontoclasm_vaults_twist, nicolae_vaults_triangles,
          ontoclasm_vaults_ring_large, nicolae_vaults_diagonal_hallway_6,
          nicolae_vaults_stairing_the_circle
Vaults:4: vaults_standard_mumra_enter_the_diamond,
          nicolae_vaults_little_squares_4, vaults_room_grid,
          dpeg_vaults_monster_box, nicolae_vaults_three_branches,
          nicolae_vaults_network_quincunx, uniq_sojobo, uniq_jory
Crypt:1:  cheibrodos_crypt_down_in_the_bonehoard
Crypt:2:  lemuel_hellish_altar
Crypt:3:  lightli_unholy_cathedral, tomb_entry_pyramid_bobbens
Tomb:3:   uniq_frederick
Depths:1: minmay_door_square, hell_entry, minmay_pinched_square
Depths:2: kennysheep_bubble_arena, hell_entry, hangedman_abyss_entry_splay,
          hex_intersection, infiniplex_staircase_door_maze
Lab:      nicolae_lab_quarters, lab_block, nicolae_lab_flowing_pool,
          nicolae_lab_very_dead_end
Bailey:   bailey_axe_of_yendor_kennysheep, bailey
IceCv:    ice_cave_small_demon
WizLab:   wizlab_doroklohe

Skill      XL: |  1  2  3  4  5  6  7  8  9 10 11 12 13 14 15 16 17 18 19 20 21 22 23 24 25 26 27 |
---------------+----------------------------------------------------------------------------------+-----
Unarmed Combat | 5 6 8 9 10 11 13 14 15 16 17 18 19 20 | 20.0
Transmutations | 3 4 5 6 7 8 9 11 12 14 15 | 15.0
Poison Magic   | 2 |  2.2
Spellcasting   | 3 4 6 8 9 10 11 12 13 14 | 14.0
Ice Magic      | 1 3 |  3.0
Fighting       | 3 5 7 8 9 10 11 12 13 14 15 16 17 18 19 20 | 20.0
Dodging        | 3 4 6 7 8 9 10 11 12 13 14 15 16 18 | 18.6
Invocations    | 1 4 6 7 9 10 11 12 13 14 15 16 17 18 19 20 | 20.2
Air Magic      | 2 |  2.0
Charms         | 2 4 7 10 | 10.0
Translocations | 2 4 5 |  5.1
Conjurations   | 4 6 8 9 |  9.0
Earth Magic    | 1 4 7 9 10 | 10.0
Necromancy     | 4 8 9 |  9.6

Action                   |  1- 3 |  4- 6 |  7- 9 | 10-12 | 13-15 | 16-18 | 19-21 | 22-24 | 25-27 || total
-------------------------+-------+-------+-------+-------+-------+-------+-------+-------+-------++-------
Melee: Unarmed           |    48 |    98 |   447 |   724 |   988 |  1290 |  1192 |  1337 |   764 ||  6888
       Headbutt          |     5 |       |       |       |       |       |       |       |       ||     5
       Spear             |    95 |    83 |     2 |       |       |       |       |       |       ||   180
       Kick              |     6 |       |       |       |       |       |       |       |       ||     6
       Punch             |     1 |       |     5 |    21 |    72 |   172 |   168 |   204 |   121 ||   764
       Whip              |       |       |       |    27 |       |       |       |       |       ||    27
Throw: Tomahawk          |       |       |       |       |       |     9 |     2 |       |       ||    11
 Cast: Beastly Appendage |    13 |       |       |       |       |       |       |       |       ||    13
       Spider Form       |       |    16 |    25 |    37 |    10 |     3 |       |       |       ||    91
       Ice Form          |       |       |     6 |    24 |    22 |    27 |     3 |       |       ||    82
       Sticks to Snakes  |       |       |       |     1 |       |       |     4 |       |     1 ||     6
       Blade Hands       |       |       |       |     2 |    29 |    46 |    61 |    27 |       ||   165
       Repel Missiles    |       |       |       |     1 |     6 |     2 |    10 |     3 |       ||    22
       Blink             |       |       |       |       |       |    18 |    25 |       |     3 ||    46
       Regeneration      |       |       |       |       |       |    48 |    88 |    99 |    99 ||   334
       Irradiate         |       |       |       |       |       |     2 |     4 |    10 |    18 ||    34
       Summon Butterflie |       |       |       |       |       |       |     9 |       |     3 ||    12
       Hydra Form        |       |       |       |       |       |       |     3 |     4 |       ||     7
       Apportation       |       |       |       |       |       |       |     3 |     3 |     2 ||     8
       Statue Form       |       |       |       |       |       |       |       |    40 |    61 ||   101
Invok: Slouch            |       |       |       |     1 |    10 |    13 |    15 |     2 |     4 ||    45
       Temporal Distorti |       |       |       |       |     1 |     2 |     8 |     3 |       ||    14
       Step From Time    |       |       |       |       |       |     1 |       |       |       ||     1
 Abil: Hop               |     1 |       |     1 |     5 |       |     1 |     8 |     8 |     3 ||    27
       Evoke Berserk Rag |     1 |       |       |       |       |       |       |       |       ||     1
       End Transformatio |       |     1 |     4 |     6 |     7 |    14 |    10 |     7 |       ||    49
Evoke: Wand              |       |       |       |       |       |     1 |       |     3 |       ||     4
  Use: Scroll            |       |    12 |     4 |    10 |     5 |    12 |    14 |    11 |    15 ||    83
       Potion            |       |       |     2 |     4 |       |     3 |     7 |       |     3 ||    19
 Stab: Sleeping          |     1 |       |     1 |     4 |    10 |     5 |     5 |    12 |     1 ||    39
       Invisible         |       |       |       |     4 |       |       |       |       |       ||     4
       Distracted        |       |       |       |     2 |     2 |     2 |     2 |     5 |     4 ||    17
       Paralysed         |       |       |       |       |       |       |       |       |     1 ||     1
  Eat: Chunk             |     3 |    11 |    20 |    18 |    27 |    16 |    22 |     8 |       ||   125
       Fruit             |       |       |     2 |     2 |       |     4 |       |    10 |     7 ||    25
       Beef jerky        |       |       |     1 |     1 |     1 |       |     3 |     4 |       ||    10
       Pizza             |       |       |     1 |       |       |       |     1 |     2 |     1 ||     5
       Bread ration      |       |       |       |     2 |       |     4 |       |     1 |       ||     7
       Royal jelly       |       |       |       |       |     1 |       |       |     1 |     1 ||     3
       Meat ration       |       |       |       |       |       |     1 |       |       |     3 ||     4
Armor: Robe              |    48 |    24 |    37 |    46 |   108 |   178 |   157 |    82 |    16 ||   696
       Skin              |       |     1 |    20 |    43 |    50 |    40 |    13 |   290 |   327 ||   784
Dodge: Dodged            |   101 |   130 |   274 |   593 |   943 |  1303 |  1285 |  1933 |  2021 ||  8583
       Deflected         |       |       |       |       |    19 |    20 |    68 |    44 |     4 ||   155
Block: Other             |       |       |     2 |    52 |       |       |       |       |       ||    54
       Reflection        |       |       |       |     3 |       |       |       |       |       ||     3
